TOP OF THE 1ST |
Las Vegas Flamingos batting - Pitching for Detroit Renaissance : RHP Maru Pao Pao
|
Pitching: RHP Maru Pao Pao
|
|
Batting: RHB Sake van Arem
|
0-0: Ball 1-0: Ground out 5-3 (Groundball, 56)
|
Batting: LHB Ruud van Ineveld
|
0-0: Ball 1-0: Ball 2-0: Ball 3-0: Base on Balls
|
Batting: LHB Victor Adams
|
0-0: Ball Ruud van Ineveld steals 2nd base 1-0: Ball 2-0: Fly out, F7 (Flyball, 78M)
|
Batting: RHB Sergio Ortíz
|
0-0: Foul Ball, location: 2F 0-1: Foul Ball, location: 2F 0-2: Fly out, F9 (Flyball, 9S)
|
Top of the 1st over - 0 runs, 0 hits, 0 errors, 1 left on base; Las Vegas 0 - Detroit 0 |
BOTTOM OF THE 1ST |
Detroit Renaissance batting - Pitching for Las Vegas Flamingos : RHP Cris Herrera
|
Pitching: RHP Cris Herrera
|
|
Batting: RHB Steve Irwin
|
0-0: Ball 1-0: Swinging Strike 1-1: Foul Ball, location: 2F 1-2: Foul Ball, location: 2F 1-2: Ball 2-2: Ball 3-2: Strikes out looking
|
Batting: RHB Takashi Miike
|
0-0: Called Strike 0-1: Ball 1-1: Hit by Pitch
|
Pinch Runner at 1st Shiki Sanu:
|
|
Batting: LHB Lance Antle
|
0-0: Ball 1-0: SINGLE (Groundball, 6M) (infield hit) Shiki Sanu to second
|
Batting: RHB Eric D'Angle
|
0-0: Called Strike 0-1: SINGLE (Flyball, 89S) Shiki Sanu to third Lance Antle to second Runner from 3rd tries for Home, SAFE, no throw
|
Batting: LHB Elian Gonzalez
|
0-0: Fielders Choice at 2nd, 3-6 (Groundball, 34) Lance Antle to third
|
Batting: RHB Quincy van Enk
|
0-0: Ball 1-0: Fielders Choice at 2nd, 6-4 (Groundball, 6)
|
Bottom of the 1st over - 1 run, 2 hits, 0 errors, 2 left on base; Las Vegas 0 - Detroit 1 |
TOP OF THE 2ND |
Las Vegas Flamingos batting - Pitching for Detroit Renaissance : RHP Maru Pao Pao
|
Now at 2B: Shiki Sanu
|
|
Batting: SHB Glyn Bolasky
|
0-0: Ball 1-0: Ball 2-0: Called Strike 2-1: SINGLE (Groundball, 13S) (infield hit)
|
Batting: LHB Job Pels
|
0-0: Ball 1-0: Called Strike 1-1: Swinging Strike 1-2: Fielders Choice at 2nd, 4-6 (Groundball, 34)
|
Batting: LHB José Alonso
|
0-0: Swinging Strike 0-1: Ball 1-1: Foul Ball, location: 2F 1-2: Foul Ball, location: 2F 1-2: Foul Ball, location: 2F 1-2: Ball 2-2: Foul Ball, location: 2F 2-2: Strikes out swinging
|
Batting: SHB Wilbert Carter
|
0-0: Ball 1-0: Ball 2-0: SINGLE (Groundball, 25) (infield hit) Job Pels to second
|
Batting: RHB Jeff Young
|
0-0: Ball 1-0: Ball 2-0: Called Strike 2-1: Foul Ball, location: 2F 2-2: Foul Ball, location: 2F 2-2: Ball 3-2: Foul Ball, location: 2F 3-2: Base on Balls Job Pels to third Wilbert Carter to second
|
Batting: RHB Sake van Arem
|
0-0: Swinging Strike 0-1: SINGLE (Line Drive, 8RS) Job Pels scores Wilbert Carter to third Jeff Young to second Runner from 3rd tries for Home, SAFE, throw made home
|
Batting: LHB Ruud van Ineveld
|
0-0: Called Strike 0-1: Foul Ball, location: 2F 0-2: Ball 1-2: Ball 2-2: Foul Ball, location: 2F 2-2: Foul Ball, location: 2F 2-2: Foul Ball, location: 2F 2-2: Ground out 4-3 (Groundball, 4)
|
Top of the 2nd over - 2 runs, 3 hits, 0 errors, 2 left on base; Las Vegas 2 - Detroit 1 |
BOTTOM OF THE 2ND |
Detroit Renaissance batting - Pitching for Las Vegas Flamingos : RHP Cris Herrera
|
Batting: LHB Alexis Raimbault
|
0-0: Ball 1-0: Called Strike 1-1: Ball 2-1: Foul Ball, location: 2F 2-2: Ball 3-2: Foul Ball, location: 2F 3-2: Ground out 6-3 (Groundball, 6)
|
Batting: RHB Won-min Yi
|
0-0: Ball 1-0: Called Strike 1-1: Ground out 3-1 (Groundball, 34S)
|
Batting: RHB Sixto Estrada
|
0-0: Ground out 5-3 (Groundball, 56S)
|
Bottom of the 2nd over - 0 runs, 0 hits, 0 errors, 0 left on base; Las Vegas 2 - Detroit 1 |
TOP OF THE 3RD |
Las Vegas Flamingos batting - Pitching for Detroit Renaissance : RHP Maru Pao Pao
|
Batting: LHB Victor Adams
|
0-0: Foul Ball, location: 2F 0-1: SINGLE (Flyball, 78S)
|
Batting: RHB Sergio Ortíz
|
0-0: Ball Pickoff Throw to First - Out! 1-0: Fly out, F3 (Popup, 3F)
|
Batting: SHB Glyn Bolasky
|
0-0: Called Strike 0-1: Ball 1-1: Foul Ball, location: 2F 1-2: Foul Ball, location: 2F 1-2: SINGLE (Groundball, P) (infield hit)
|
Batting: LHB Job Pels
|
0-0: Ball 1-0: Called Strike 1-1: Swinging Strike 1-2: Ball Glyn Bolasky steals 2nd base 2-2: Strikes out swinging
|
Top of the 3rd over - 0 runs, 2 hits, 0 errors, 1 left on base; Las Vegas 2 - Detroit 1 |
BOTTOM OF THE 3RD |
Detroit Renaissance batting - Pitching for Las Vegas Flamingos : RHP Cris Herrera
|
Batting: RHB Steve Irwin
|
0-0: Ball 1-0: Ball 2-0: Foul Ball, location: 2F 2-1: SINGLE (Groundball, 56D)
|
Batting: SHB Shiki Sanu
|
0-0: Swinging Strike 0-1: Foul Ball, location: 2F 0-2: Foul Ball, location: 2F 0-2: SINGLE (Line Drive, 5) Steve Irwin to second
|
Batting: LHB Lance Antle
|
0-0: Called Strike 0-1: Foul Ball, location: 2F 0-2: Ball 1-2: Strikes out swinging
|
Batting: RHB Eric D'Angle
|
0-0: Called Strike 0-1: Called Strike 0-2: Ball 1-2: Ball 2-2: SINGLE (Groundball, 6MD) Steve Irwin to third Shiki Sanu to second Runner from 3rd tries for Home, SAFE, no throw
|
Batting: LHB Elian Gonzalez
|
0-0: Ball 1-0: Ball 2-0: Called Strike 2-1: Swinging Strike 2-2: Foul Ball, location: 2F 2-2: Foul Ball, location: 2F 2-2: Ball 3-2: Base on Balls Shiki Sanu to third Eric D'Angle to second
|
Batting: RHB Quincy van Enk
|
0-0: Called Strike 0-1: Ball 1-1: Fly out, F8 (Flyball, 8RM) Runner from 3rd tags up, SCORES, throw made
|
Batting: LHB Alexis Raimbault
|
0-0: Ball 1-0: Ball 2-0: Ball 3-0: Foul Ball, location: 2F 3-1: Foul Ball, location: 2F 3-2: Fly out, F8 (Flyball, 78M)
|
Bottom of the 3rd over - 2 runs, 3 hits, 0 errors, 2 left on base; Las Vegas 2 - Detroit 3 |
TOP OF THE 4TH |
Las Vegas Flamingos batting - Pitching for Detroit Renaissance : RHP Maru Pao Pao
|
Batting: LHB José Alonso
|
0-0: Ground out 3-1 (Groundball, 34)
|
Batting: SHB Wilbert Carter
|
0-0: Fly out, F7 (Flyball, 78XD)
|
Batting: RHB Jeff Young
|
0-0: Ball 1-0: Called Strike 1-1: Ball 2-1: Fly out, F8 (Flyball, 8RD)
|
Top of the 4th over - 0 runs, 0 hits, 0 errors, 0 left on base; Las Vegas 2 - Detroit 3 |
BOTTOM OF THE 4TH |
Detroit Renaissance batting - Pitching for Las Vegas Flamingos : RHP Cris Herrera
|
Batting: RHB Won-min Yi
|
0-0: Called Strike 0-1: Swinging Strike 0-2: Strikes out swinging
|
Batting: RHB Sixto Estrada
|
0-0: Ball 1-0: Foul Ball, location: 2F 1-1: Ball 2-1: Ball 3-1: Base on Balls
|
Batting: RHB Steve Irwin
|
0-0: Called Strike 0-1: Ball 1-1: Ball 2-1: Ball 3-1: Called Strike 3-2: Foul Ball, location: 2F 3-2: SINGLE (Groundball, 56D) Sixto Estrada to second Sixto Estrada to third
|
Batting: SHB Shiki Sanu
|
0-0: Called Strike 0-1: Ball 1-1: Ball 2-1: Ball 3-1: Base on Balls Steve Irwin to second
|
Batting: LHB Lance Antle
|
0-0: Grounds into double play, 5-4-3 (Groundball, 56)
|
Bottom of the 4th over - 0 runs, 1 hit, 0 errors, 2 left on base; Las Vegas 2 - Detroit 3 |
TOP OF THE 5TH |
Las Vegas Flamingos batting - Pitching for Detroit Renaissance : RHP Maru Pao Pao
|
Batting: RHB Sake van Arem
|
0-0: Ball 1-0: Called Strike 1-1: Ball 2-1: Ball 3-1: Base on Balls
|
Batting: LHB Ruud van Ineveld
|
0-0: Ball 1-0: Ball 2-0: SINGLE (Line Drive, 34) Sake van Arem to second Runner from 2nd tries for 3rd, SAFE, no throw
|
Batting: LHB Victor Adams
|
0-0: Foul Ball, location: 2F 0-1: Ball 1-1: Ball 2-1: Fly out, F7 (Flyball, 7) Runner from 3rd tags up, OUT at HOME Ruud van Ineveld to second
|
Batting: RHB Sergio Ortíz
|
0-0: Swinging Strike 0-1: Foul Ball, location: 2F 0-2: Ball 1-2: Foul Ball, location: 2F 1-2: Foul Ball, location: 2F 1-2: Ball 2-2: Ball 3-2: Strikes out swinging
|
Top of the 5th over - 0 runs, 1 hit, 0 errors, 1 left on base; Las Vegas 2 - Detroit 3 |
BOTTOM OF THE 5TH |
Detroit Renaissance batting - Pitching for Las Vegas Flamingos : RHP Cris Herrera
|
Batting: RHB Eric D'Angle
|
0-0: Called Strike 0-1: SINGLE (Flyball, 7LS)
|
Batting: LHB Elian Gonzalez
|
0-0: Fly out, F8 (Flyball, 8RM)
|
Batting: RHB Quincy van Enk
|
0-0: Ball 1-0: Ball 2-0: Called Strike 2-1: Foul Ball, location: 2F 2-2: Ball 3-2: Strikes out swinging Eric D'Angle steals 2nd base Batter strikes out.
|
Batting: LHB Alexis Raimbault
|
0-0: Ball 1-0: Ball 2-0: Ball 3-0: Called Strike 3-1: Ground out 5-3 (Groundball, 56S)
|
Bottom of the 5th over - 0 runs, 1 hit, 0 errors, 1 left on base; Las Vegas 2 - Detroit 3 |
TOP OF THE 6TH |
Las Vegas Flamingos batting - Pitching for Detroit Renaissance : RHP Maru Pao Pao
|
Batting: SHB Glyn Bolasky
|
0-0: Called Strike 0-1: Ball 1-1: Foul Ball, location: 2F 1-2: Strikes out swinging
|
Batting: LHB Job Pels
|
0-0: Called Strike 0-1: Ball 1-1: Foul Ball, location: 2F 1-2: Ball 2-2: Fly out, F9 (Flyball, 89M)
|
Batting: LHB José Alonso
|
0-0: Called Strike 0-1: SOLO HOME RUN (Line Drive, 9LD), Distance : 322 ft
|
Batting: SHB Wilbert Carter
|
0-0: Called Strike 0-1: Foul Ball, location: 2F 0-2: Fly out, F9 (Flyball, 9)
|
Top of the 6th over - 1 run, 1 hit, 0 errors, 0 left on base; Las Vegas 3 - Detroit 3 |
BOTTOM OF THE 6TH |
Detroit Renaissance batting - Pitching for Las Vegas Flamingos : RHP Cris Herrera
|
Batting: RHB Won-min Yi
|
0-0: Called Strike 0-1: Foul Ball, location: 2F 0-2: Foul Ball, location: 2F 0-2: Foul Ball, location: 2F 0-2: Fly out, F9 (Line Drive, 89S)
|
Pitching: LHP Pedro Ortíz
|
|
Batting: RHB Sixto Estrada
|
0-0: Called Strike 0-1: Fly out, F8 (Flyball, 8RD)
|
Batting: RHB Steve Irwin
|
0-0: Ball 1-0: Ball 2-0: Foul Ball, location: 2F 2-1: Called Strike 2-2: Ball 3-2: Base on Balls
|
Batting: SHB Shiki Sanu
|
0-0: Called Strike 0-1: Called Strike 0-2: Strikes out swinging
|
Bottom of the 6th over - 0 runs, 0 hits, 0 errors, 1 left on base; Las Vegas 3 - Detroit 3 |
TOP OF THE 7TH |
Las Vegas Flamingos batting - Pitching for Detroit Renaissance : RHP Maru Pao Pao
|
Batting: RHB Jeff Young
|
0-0: Ball 1-0: Foul Ball, location: 2F 1-1: Fly out, F7 (Flyball, 7)
|
Batting: RHB Sake van Arem
|
0-0: Ball 1-0: Called Strike 1-1: Foul Ball, location: 2F 1-2: Ball 2-2: Strikes out swinging
|
Batting: LHB Ruud van Ineveld
|
0-0: Ball 1-0: Ground out 6-3 (Groundball, 6M)
|
Top of the 7th over - 0 runs, 0 hits, 0 errors, 0 left on base; Las Vegas 3 - Detroit 3 |
BOTTOM OF THE 7TH |
Detroit Renaissance batting - Pitching for Las Vegas Flamingos : LHP Pedro Ortíz
|
Batting: LHB Lance Antle
|
0-0: Called Strike 0-1: SINGLE (Groundball, 4D)
|
Batting: RHB Eric D'Angle
|
0-0: Ball 1-0: Ball 2-0: Ball 3-0: Fly out, F9 (Flyball, 9LM)
|
Batting: LHB Elian Gonzalez
|
0-0: Called Strike 0-1: Foul Ball, location: 2F 0-2: Ball 1-2: Foul Ball, location: 2F 1-2: Strikes out swinging
|
Batting: RHB Quincy van Enk
|
0-0: Ball 1-0: Ball 2-0: Ball 3-0: Called Strike 3-1: Called Strike 3-2: Fly out, F9 (Line Drive, 89M)
|
Bottom of the 7th over - 0 runs, 1 hit, 0 errors, 1 left on base; Las Vegas 3 - Detroit 3 |
TOP OF THE 8TH |
Las Vegas Flamingos batting - Pitching for Detroit Renaissance : RHP Maru Pao Pao
|
Batting: LHB Victor Adams
|
0-0: Ball 1-0: Called Strike 1-1: Ball 2-1: Ball 3-1: Fly out, F9 (Flyball, 89D)
|
Batting: RHB Sergio Ortíz
|
0-0: Called Strike 0-1: Called Strike 0-2: SINGLE (Groundball, 34D)
|
Pitching: RHP Jimmy O'Flahavan
|
|
Batting: SHB Glyn Bolasky
|
0-0: Ball 1-0: Ball 2-0: Ball 3-0: Base on Balls Sergio Ortíz to second
|
Batting: LHB Job Pels
|
0-0: Ball 1-0: Ball 2-0: Called Strike 2-1: Fly out, F7 (Flyball, 78D)
|
Batting: LHB José Alonso
|
0-0: Called Strike 0-1: Foul Ball, location: 2F 0-2: Ball 1-2: Strikes out swinging
|
Top of the 8th over - 0 runs, 1 hit, 0 errors, 2 left on base; Las Vegas 3 - Detroit 3 |
BOTTOM OF THE 8TH |
Detroit Renaissance batting - Pitching for Las Vegas Flamingos : LHP Pedro Ortíz
|
Batting: LHB Alexis Raimbault
|
0-0: Ball 1-0: Ball 2-0: Called Strike 2-1: Ball 3-1: Called Strike 3-2: Base on Balls
|
Batting: RHB Won-min Yi
|
0-0: Ball 1-0: Ball 2-0: Ball 3-0: Base on Balls Alexis Raimbault to second
|
Batting: RHB Sixto Estrada
|
0-0: Called Strike 0-1: Ball 1-1: Fielders Choice at 2nd, 6-4 (Groundball, 6) Alexis Raimbault to third
|
Batting: RHB Steve Irwin
|
0-0: Called Strike 0-1: Ball 1-1: Ball 2-1: DOUBLE (Line Drive, 78S) Alexis Raimbault scores Sixto Estrada to third Runner from 3rd tries for Home, SAFE, throw made at trailing runner, OUT at third!
|
Batting: SHB Shiki Sanu
|
0-0: Called Strike 0-1: Swinging Strike 0-2: Strikes out looking
|
Bottom of the 8th over - 2 runs, 1 hit, 0 errors, 0 left on base; Las Vegas 3 - Detroit 5 |
TOP OF THE 9TH |
Las Vegas Flamingos batting - Pitching for Detroit Renaissance : RHP Jimmy O'Flahavan
|
Batting: SHB Wilbert Carter
|
0-0: Swinging Strike 0-1: Ball 1-1: Ball 2-1: Foul Ball, location: 2F 2-2: Ball 3-2: Foul Ball, location: 2F 3-2: Ground out U3 (Groundball, 3L)
|
Batting: RHB Jeff Young
|
0-0: Foul Ball, location: 2F 0-1: Ball 1-1: Ball 2-1: Foul Ball, location: 2F 2-2: Strikes out looking
|
Batting: RHB Sake van Arem
|
0-0: Called Strike 0-1: Foul Ball, location: 2F 0-2: SINGLE (Line Drive, 9S)
|
Batting: LHB Ruud van Ineveld
|
0-0: Ball 1-0: Ball 2-0: Called Strike 2-1: Called Strike 2-2: Foul Ball, location: 2F 2-2: Fielders Choice at 2nd, U4 (Groundball, 4M)
|
Top of the 9th over - 0 runs, 1 hit, 0 errors, 1 left on base; Las Vegas 3 - Detroit 5 |
|